 Dungeon Crawl Stone Soup version 0.30.1-9-gdf580d7c3d (webtiles) character file.

Game seed: 13357481706927666205

651 jagang the Skirmisher (level 7, -1/56 HPs)
             Began as a Gnoll Hunter on Sept 29, 2023.
             Slain by a gnoll
             ... wielding a +0 club
              (7 damage)
             ... on level 5 of the Dungeon.
             The game lasted 00:12:53 (3901 turns).

jagang the Skirmisher (Gnoll Hunter)                Turns: 3901, Time: 00:12:54

Health: -1/56      AC:  4    Str: 10    XL:     7   Next: 53%
Magic:  11/11      EV: 14    Int:  9    God:
Gold:   472        SH:  0    Dex: 17    Spells: 11/11 levels left

rFire   . . .        g - +0 short sword (elec)
rCold   + + +        (no shield)
rNeg    . . .        o - +1 robe "Jaunaiff" {rC++}
rPois   .            q - +0 helmet
rElec   .            m - scarf {shadows}
rCorr   .            (no gloves)
SInv    .            (no boots)
Will    .....        (no amulet)
Stlth   +++          j - ring of protection from cold
HPRegen 0.29/turn    (no ring)
MPRegen 0.12/turn

%: no passive effects
@: no status effects
A: fangs 1, strong nose, distributed training
a: no special abilities


You were on level 5 of the Dungeon.
You visited 1 branch of the dungeon, and saw 5 of its levels.

You collected 472 gold pieces.

Inventory:

Hand Weapons
 a - a +0 shortbow
 g - a +0 short sword of electrocution (weapon)
 i - a +2 hand axe of flaming
Missiles
 n - 5 poisoned darts (quivered)
 p - 6 atropa-tipped darts
 w - a boomerang
Armour
 e - a +0 ring mail
 m - a scarf of shadows (worn)
 o - the +1 robe "Jaunaiff" (worn) {rC++}
   (You found it on level 2 of the Dungeon)

   rC:        It greatly protects you from cold.
 q - a +0 helmet (worn)
Jewellery
 j - a ring of protection from cold (left hand)
Wands
 u - a wand of roots (5)
 y - a wand of flame (15)
Scrolls
 b - 2 scrolls of immolation
 d - a scroll of enchant armour {unknown}
 f - a scroll of poison
 h - a scroll of amnesia
 s - a scroll of silence
 x - a scroll of teleportation {unknown}
 z - a scroll of enchant weapon {unknown}
Potions
 c - 3 potions of curing
 k - 3 potions of might {unknown}
 l - a potion of invisibility {unknown}
 r - a potion of flight {unknown}
 t - a potion of berserk rage {unknown}
 v - a potion of attraction {unknown}


   Skills:
 + Level 5.3 Fighting
 + Level 2.6 Short Blades
 + Level 2.6 Long Blades
 + Level 2.6 Axes
 + Level 2.6 Maces & Flails
 + Level 2.6 Polearms
 + Level 2.6 Staves
 + Level 9.0 Ranged Weapons
 + Level 2.6 Throwing
 + Level 2.6 Armour
 + Level 5.3 Dodging
 + Level 3.6 Stealth
 + Level 2.6 Shields
 + Level 2.6 Unarmed Combat
 + Level 2.6 Spellcasting
 + Level 2.1 Conjurations
 + Level 2.1 Hexes
 + Level 2.1 Summonings
 + Level 2.1 Necromancy
 + Level 2.1 Translocations
 + Level 2.1 Transmutations
 + Level 2.1 Fire Magic
 + Level 2.1 Ice Magic
 + Level 2.1 Air Magic
 + Level 2.1 Earth Magic
 + Level 2.1 Poison Magic
 + Level 3.0 Invocations
 + Level 2.6 Evocations


You had 11 spell levels left.
You didn't know any spells.
Your spell library was empty.

Dungeon Overview and Level Annotations

Branches:
Dungeon (5/15)
 Temple: D:4-7

Altars:
Ru


Innate Abilities, Weirdness & Mutations

You have very sharp teeth.
Your uncanny sense of smell can sniff out nearby items.
Your experience applies equally to all skills.


Message History

The gnoll misses you.
Your Invocations skill increases to level 3!
You hit the gnoll but do no damage. The gnoll barely misses you.
You closely miss the gnoll. The gnoll hits you with a +0 club!
You barely miss the gnoll. The gnoll closely misses you.
You hit the gnoll but do no damage.
A centaur comes into view. It is wielding a +0 hand axe.
The gnoll hits you with a +0 club.
* * * LOW HITPOINT WARNING * * *
Throw: 6 darts (poison)
Press: ? - help, Q - select action, (/) - cycle Shift-Dir - straight line, f - gnoll
Aim: a gnoll, wielding a +0 club (66% to hit)
You throw a poisoned dart. The poisoned dart hits the gnoll.
The gnoll is poisoned.
The centaur unwields a +0 hand axe.
The centaur wields a +0 shortbow.
The centaur shoots an arrow.
The arrow misses you. The gnoll attacks as you move away!
The gnoll closely misses you.
Things that are here:
a +0 spear; a gnoll corpse You hit the gnoll but do no damage.
The gnoll is lightly wounded.
The gnoll barely misses you.
You hit the gnoll. You bite the gnoll.
The gnoll is heavily wounded.
The gnoll hits you but does no damage.
You hit the gnoll.
The gnoll is severely wounded.
The centaur unwields a +0 shortbow.
The centaur wields a +0 hand axe.
The centaur hits you with a +0 hand axe!
* * * LOW HITPOINT WARNING * * *
The centaur kicks you.
* * * LOW HITPOINT WARNING * * *
The gnoll hits you with a +0 club.
* * * LOW HITPOINT WARNING * * *
Okay, then.
It was a potion of curing.
You feel better.
The centaur hits you with a +0 hand axe.
* * * LOW HITPOINT WARNING * * *
The centaur barely misses you. The gnoll hits you with a +0 club!
You die...

..... ∆## ## .....
.##.#. ...
.....##.#.......#
.............#..#
............$...###c
................(..
....##<......)..#
..........#..)c##
........####..g@##
..........#.........#
...[..........#......#
............######..##
.........##..# ###
.........##..#
..#......#..##
............#
.#....######


You could see a centaur and a gnoll (poisoned).

Vanquished Creatures
  Sigmund (D:3)
  Duvessa (D:4)
  A black bear (D:4)
  A scorpion (D:4)
  Dowan (D:4)
  An orc wizard (D:4)
  3 gnolls (D:5)
  6 adders
  6 worms
  6 orcs (D:4)
  4 bats
  2 endoplasms
  2 giant cockroaches
  8 goblins
  7 hobgoblins
  3 quokkas
  9 ball pythons
  5 frilled lizards
  9 kobolds
  2 rats
78 creatures vanquished.

Notes
Turn   | Place    | Note
-------+----------+-------------------------------------------
     0 | D:1      | jagang the Gnoll Hunter began the quest for the Orb.
     0 | D:1      | Reached XP level 1. HP: 20/20 MP: 1/1
   166 | D:1      | Reached XP level 2. HP: 26/26 MP: 2/2
   888 | D:2      | Reached XP level 3. HP: 31/31 MP: 3/3
   943 | D:2      | Reached skill level 1 in Invocations
  1100 | D:2      | Reached skill level 1 in Short Blades
  1100 | D:2      | Reached skill level 1 in Long Blades
  1100 | D:2      | Reached skill level 1 in Axes
  1100 | D:2      | Reached skill level 1 in Maces & Flails
  1100 | D:2      | Reached skill level 1 in Polearms
  1100 | D:2      | Reached skill level 1 in Staves
  1100 | D:2      | Reached skill level 1 in Throwing
  1100 | D:2      | Reached skill level 1 in Armour
  1100 | D:2      | Reached skill level 1 in Shields
  1100 | D:2      | Reached skill level 1 in Unarmed Combat
  1100 | D:2      | Reached skill level 1 in Spellcasting
  1100 | D:2      | Reached skill level 1 in Evocations
  1168 | D:2      | Identified the +1 robe "Jaunaiff" {rC++}
  1511 | D:2      | Reached XP level 4. HP: 37/38 MP: 5/5
  1734 | D:3      | Reached skill level 1 in Conjurations
  1734 | D:3      | Reached skill level 1 in Hexes
  1734 | D:3      | Reached skill level 1 in Summonings
  1734 | D:3      | Reached skill level 1 in Necromancy
  1734 | D:3      | Reached skill level 1 in Translocations
  1734 | D:3      | Reached skill level 1 in Transmutations
  1734 | D:3      | Reached skill level 1 in Fire Magic
  1734 | D:3      | Reached skill level 1 in Ice Magic
  1734 | D:3      | Reached skill level 1 in Air Magic
  1734 | D:3      | Reached skill level 1 in Earth Magic
  1734 | D:3      | Reached skill level 1 in Poison Magic
  2010 | D:3      | Found a faded altar of an unknown god.
  2206 | D:3      | Noticed Sigmund
  2219 | D:3      | Killed Sigmund
  2220 | D:3      | Reached XP level 5. HP: 2/43 MP: 5/7
  2220 | D:3      | Reached XP level 6. HP: 3/50 MP: 5/8
  2220 | D:3      | HP: 2/50 [rat (1)]
  2634 | D:4      | Reached skill level 5 in Fighting
  2634 | D:4      | Reached skill level 5 in Dodging
  2693 | D:4      | Noticed a black bear
  2712 | D:4      | Killed a black bear
  3075 | D:4      | Found a sacrificial altar of Ru.
  3087 | D:4      | Noticed Duvessa
  3087 | D:4      | Noticed Dowan
  3098 | D:4      | Killed Duvessa
  3099 | D:4      | Reached XP level 7. HP: 50/56 MP: 10/10
  3124 | D:4      | Killed Dowan
  3828 | D:4      | Reached skill level 9 in Ranged Weapons
  3847 | D:5      | Entered Level 5 of the Dungeon
  3901 | D:5      | Slain by a gnoll

Illustrated notes

Levels and vault maps discovered:
D:1:      nzn_arrival_depleted_hourglass, layout_basic,
          minmay_gold_behind_fungi, nrook_campfire, roderic_lattice_a
D:2:      layout_basic, nicolae_wormholes
D:3:      layout_loops_cross, shapermc_ecumenical_altar_mp_ritualfount,
          st_stairs_5, chequers_serial_rivers_micro_a, uniq_sigmund
D:4:      layout_basic, amcnicky_altar_gilded, uniq_duvessa
D:5:      layout_cave_pools

Skill      XL: |  1  2  3  4  5  6  7 |
---------------+----------------------+-----
Invocations    | 1 2 3 |  3.0
Short Blades   | 1 2 |  2.6
Long Blades    | 1 2 |  2.6
Axes           | 1 2 |  2.6
Maces & Flails | 1 2 |  2.6
Polearms       | 1 2 |  2.6
Staves         | 1 2 |  2.6
Throwing       | 1 2 |  2.6
Armour         | 1 2 |  2.6
Shields        | 1 2 |  2.6
Unarmed Combat | 1 2 |  2.6
Spellcasting   | 1 2 |  2.6
Evocations     | 1 2 |  2.6
Conjurations   | 1 2 |  2.1
Hexes          | 1 2 |  2.1
Summonings     | 1 2 |  2.1
Necromancy     | 1 2 |  2.1
Translocations | 1 2 |  2.1
Transmutations | 1 2 |  2.1
Fire Magic     | 1 2 |  2.1
Ice Magic      | 1 2 |  2.1
Air Magic      | 1 2 |  2.1
Earth Magic    | 1 2 |  2.1
Poison Magic   | 1 2 |  2.1
Stealth        | 3 |  3.6
Fighting       | 5 |  5.3
Dodging        | 5 |  5.3
Ranged Weapons | 9 |  9.0

Action                     |  1- 3 |  4- 6 |  7- 9 || total
---------------------------+-------+-------+-------++-------
  Melee: Short sword       |    45 |   132 |    70 ||   247
         Bite              |     2 |    12 |    12 ||    26
         Punch             |     1 |     2 |     3 ||     6
   Fire: Shortbow          |    41 |       |       ||    41
  Throw: Dart              |     4 |    25 |     6 ||    35
         Boomerang         |       |       |     9 ||     9
    Use: Scroll            |       |     3 |       ||     3
         Potion            |       |       |     1 ||     1
   Stab: Sleeping          |     6 |     3 |       ||     9
 Armour: Leather armour    |     7 |       |       ||     7
         Robe              |     5 |    12 |     6 ||    23
  Dodge: Dodged            |    17 |    86 |    61 ||   164
